 Dungeon Crawl Stone Soup version 0.31-a0-986-g5e6e4ef867 (webtiles) character file.

Game seed: 3749710659134810555

2039 horus123 the Cleaver (level 9, -2/74 HPs)
             Began as a Hill Orc Fighter on Nov 22, 2023.
             Was an Initiate of Makhleb.
             Killed by divine providence
             ... invoked by an orc priest
              (9 damage)
             ... on level 6 of the Dungeon.
             The game lasted 00:09:37 (5179 turns).

horus123 the Cleaver (Hill Orc Fighter)             Turns: 5179, Time: 00:09:38

Health: -2/74      AC: 16    Str: 22 (23) XL:     9   Next: 24%
Magic:  9/9        EV:  8    Int:  7 (8)  God:    Makhleb [......]
Gold:   1360       SH:  0    Dex:  9 (10) Spells: 8/8 levels left

rFire   . . .        l - +1 dire flail (holy)
rCold   . . .        (shield currently unavailable)
rNeg    . . .        j - +4 chain mail
rPois   .            (no helmet)
rElec   .            (no cloak)
rCorr   .            (no gloves)
SInv    .            k - +0 pair of boots
Will    .....        (no amulet) Stlth
                     (no ring)
HPRegen 0.32/turn    (no ring)
MPRegen 0.11/turn

%: no passive effects
@: no status effects
A: no striking features
a: Renounce Religion, Convert to Beogh


You were on level 6 of the Dungeon.
You worshipped Makhleb.
Makhleb was noncommittal.
You visited 2 branches of the dungeon, and saw 7 of its levels.

You collected 1360 gold pieces.

Inventory:

Hand Weapons
 a - a +1 war axe
 e - a +0 longbow
 l - a +1 dire flail of holy wrath (weapon)
 p - a +5 flail
Missiles
 f - 10 javelins (quivered)
 g - 2 throwing nets
Armour
 j - a +4 chain mail (worn)
 k - a +0 pair of boots (worn)
 s - an orb of guile
Scrolls
 d - a scroll of fog
 t - a scroll of teleportation
Potions
 b - a potion of enlightenment {unknown}
 h - 3 potions of berserk rage {unknown}
 i - 2 potions of degeneration
 m - 3 potions of curing
 n - a potion of resistance {unknown}
 o - 4 potions of brilliance {unknown}
 q - a potion of mutation {unknown}
 r - 2 potions of heal wounds {unknown}


   Skills:
 - Level 5.0 Fighting
 - Level 8.0(10.1) Axes
 + Level 8.0(9.1) Maces & Flails
 - Level 8.0 Armour
 - Level 3.2 Shields


You had 8 spell levels left.
You didn't know any spells.
Your spell library contained the following spells:

 Spells                   Type           Power      Damage    Failure   Level
 Apportation              Tloc           0%         N/A       94%         1
 Kiss of Death            Conj/Necr      0%         2d5       94%         1
 Necrotise                Necr           0%         1d4       94%         1
 Summon Small Mammal      Summ           0%         N/A       94%         1
 Confusing Touch          Hex            0%         N/A       100%        3
 Animate Armour           Summ/Erth      0%         N/A       100%        4
 Dispel Undead            Necr           0%         3d6       100%        4
 Summon Lightning Spire   Summ/Air       0%         N/A       100%        4
 Lee's Rapid Deconstruct  Erth           0%         3d4*      100%        5


Dungeon Overview and Level Annotations

Branches:
Dungeon (6/15)             Temple (1/1) D:5

Altars:
Ashenzari
Cheibriados
Dithmenos
Fedhas
Gozag
Hepliaklqana
Makhleb
Okawaru
Qazlal
Ru
Sif Muna
Trog
Uskayaw
Vehumet
Wu Jian
Xom
Yredelemnul
Zin

Shops:
D:2 :   D:4 (


Message History

* * * LOW HITPOINT WARNING * * *
You feel very sick.
Your base Maces & Flails skill increases to level 8!
* * * LOW HITPOINT WARNING * * *
You feel very sick.
Things that are here:
a +0 spear of venom; a +0 scale mail It was a potion of degeneration.
There was something very wrong with that liquid.
You feel weakened.
You feel dopey.
You feel clumsy.
* * * LOW HITPOINT WARNING * * *
You feel very sick.
It was a potion of curing.
You feel better.
You start resting.
A gnoll comes into view. It is wielding a +0 whip.
A gnoll is nearby!
A gnoll is nearby!
You are too injured to fight recklessly!
You are too injured to fight recklessly!
You are too injured to fight recklessly!
An orc comes into view. It is wielding a +0 falchion.
An orc priest comes into view. It is wielding a +0 short sword.
The gnoll hits you with a +0 whip!
* * * LOW HITPOINT WARNING * * *
You closely miss the gnoll.
The orc shouts!
An orc comes into view. It is wielding a +0 mace.
The gnoll barely misses you.
You closely miss the gnoll.
The orc shouts!
You hear a shout!
The gnoll hits you but does no damage.
A gnoll comes into view. It is wielding a +0 club.
The orc priest shouts, "Beogh is our master!
Accept the truth or die!"
You hear a shout!
You hear an angry hiss.
The gnoll shouts!
You hit the gnoll.
The gnoll is moderately wounded.
The orc priest mumbles some strange prayers to Beogh against you.
Beogh smites you!
You die...

. . # #.# # #.# #
#.# # #.#
######### # #.#
#### .........
#.##.##..o..
.........
#....g'...og
........# #@#
...####.# #)#
##.####.# #.#
........#...# #.#
##.######...+.##.#
..†.....#...#.##.#
##.####.#...#.##.#
#.#...<#...#.##_#
#.#..#.#...#.##.#


You could see an orc priest, 2 gnolls and an orc.

Vanquished Creatures
  Maggie (D:6)
  Jeremiah (D:6)
  Sigmund (D:3)
  Edmund (D:6)
  2 water moccasins
  An ogre (D:5)
  A gnoll sergeant (D:6)
  5 scorpions
  A howler monkey (D:6)
  An orc priest (D:5)
  4 hounds
  A gnoll bouda (D:6)
  Jessica (D:2)
  A sleepcap (D:4)
  An orc wizard (D:5)
  12 gnolls
  5 adders
  2 ufetubi (D:6)
  A worm (D:2)
  3 dart slugs
  3 orcs
  8 ball pythons
  10 endoplasms
  3 giant cockroaches
  9 goblins
  4 hobgoblins
  3 jackals (D:2)
  7 quokkas
  4 bats
  2 frilled lizards
  8 kobolds
  6 rats
113 creatures vanquished.

Notes
Turn   | Place    | Note
-------+----------+-------------------------------------------
     0 | D:1      | horus123 the Hill Orc Fighter began the quest for the Orb.
     0 | D:1      | Reached XP level 1. HP: 19/19 MP: 1/1
   180 | D:1      | Reached XP level 2. HP: 25/27 MP: 2/2
   677 | D:1      | Reached XP level 3. HP: 35/35 MP: 3/3
   704 | D:2      | Reached skill level 5 in Fighting
   992 | D:2      | Reached XP level 4. HP: 39/42 MP: 4/4
  1002 | D:2      | Found a faded altar of an unknown god.
  1306 | D:2      | Noticed Jessica
  1311 | D:2      | Killed Jessica
  1474 | D:2      | Found Saemaful's Book Emporium.
  1584 | D:3      | Reached skill level 5 in Axes
  1714 | D:3      | Noticed Sigmund
  1728 | D:3      | Killed Sigmund
  1729 | D:3      | Reached XP level 5. HP: 29/48 MP: 5/5
  1729 | D:3      | Reached XP level 6. HP: 33/56 MP: 6/6
  2647 | D:4      | Reached XP level 7. HP: 43/61 MP: 7/7
  3072 | D:4      | Found Ytzol's Weapon Emporium.
  3113 | D:5      | Entered Level 5 of the Dungeon
  3165 | D:5      | Reached skill level 5 in Armour
  3547 | D:5      | Found a staircase to the Ecumenical Temple.
  3575 | Temple   | Entered the Ecumenical Temple
  3596 | Temple   | Became a worshipper of Makhleb the Destroyer
  4161 | D:5      | Reached XP level 8. HP: 53/68 MP: 8/8
  4386 | D:6      | Reached skill level 1 in Maces & Flails
  4451 | D:6      | Noticed Jeremiah
  4497 | D:6      | Killed Jeremiah
  4498 | D:6      | Reached skill level 5 in Maces & Flails
  4666 | D:6      | Noticed Maggie
  4688 | D:6      | Killed Maggie
  4689 | D:6      | Reached XP level 9. HP: 52/74 MP: 9/9
  4693 | D:6      | Identified a scroll of acquirement
  4693 | D:6      | Acquired 1064 gold pieces
  4792 | D:6      | Found a shadowy altar of Dithmenos.
  4837 | D:6      | HP: 2/74 [gnoll bouda/+0 club (3)]
  5106 | D:6      | Noticed Edmund
  5114 | D:6      | Killed Edmund
  5146 | D:6      | Found a sacrificial altar of Ru.
  5179 | D:6      | Killed from afar by an orc priest

Illustrated notes

Levels and vault maps discovered:
D:1:      lightli_arrival_statuegarden, layout_loops_ring
D:2:      layout_basic, hellmonk_ecumenical_altar_run_dry, serial_shops,
          nicolae_shop_pleasant_corner_grove, kennysheep_jessica_study
D:3:      layout_basic, kennysheep_another_room,
          minmay_randomly_rotated_circles, uniq_sigmund
D:4:      layout_basic, serial_shops, shop
D:5:      layout_loops_corners, minmay_temple_entry_mist
D:6:      minmay_chambers_of_fours, layout_basic,
          nicolae_dithmenos_the_darkroom, overflow_temple_1_default,
          gammafunk_temple_overflow_pools, nrook_mini_backslash, uniq_jeremiah,
          uniq_maggie, uniq_edmund
Temple:   eino_temple_rhombus

Skill      XL: |  1  2  3  4  5  6  7  8  9 |
---------------+----------------------------+-----
Fighting       | 4 5 |  5.0
Axes           | 4 7 8 |  8.0
Armour         | 4 7 8 |  8.0
Maces & Flails | 7 8 |  8.0
Shields        | |  3.2

Action                     |  1- 3 |  4- 6 |  7- 9 || total
---------------------------+-------+-------+-------++-------
  Melee: War axe           |    84 |   100 |    11 ||   195
         Flail             |       |       |   129 ||   129
         Dire flail        |       |       |    15 ||    15
  Throw: Javelin           |       |     5 |     2 ||     7
    Use: Scroll            |       |     6 |     5 ||    11
         Potion            |       |     1 |     4 ||     5
 Armour: Scale mail        |    21 |       |       ||    21
         Chain mail        |    36 |    96 |   137 ||   269
  Dodge: Dodged            |    26 |    32 |    54 ||   112
  Block: Buckler           |    21 |    16 |    37 ||    74

Table legend: (Time is in decaauts)
 A = Elapsed time spent in this place.
 B = Non-inter-level travel time spent in this place.
 C = Inter-level travel time spent in this place.
 D = Time resting spent in this place.
 E = Time spent auto-exploring this place.
 F = Levels seen in this place.
 G = Mean time per level.
                   A        B        C        D        E       F      G
               +--------+--------+--------+--------+--------+-----+--------+
         Total |   5255 |   5071 |    184 |    381 |   3735 |   7 |  750.7 |
       Dungeon |   5224 |   5050 |    174 |    381 |   3735 |   6 |  870.7 |
        Temple |     31 |     21 |     10 |      0 |      0 |   1 |   31.0 |
               +--------+--------+--------+--------+--------+-----+--------+

Top non-repeatable levels by time:
     D:5: 1249 daAuts
     D:4: 889 daAuts
     D:2: 824 daAuts
     D:6: 806 daAuts
     D:3: 736 daAuts
     D:1: 716 daAuts
  Temple: 31 daAuts
